[Event "Champions Chess Tour Airthings Masters 2023"]
[Site "Chess.com"]
[Date "2023.02.06"]
[Round "1"]
[White "Erigaisi, Arjun"]
[Black "Firouzja, Alireza"]
[Result "1-0"]
[WhiteElo "2701"]
[BlackElo "2785"]
[ECO "A48"]
[EventDate "2023.??.??"]
[Annotator "rafael"]
[PlyCount "105"]
[Beauty "6808617882679"]
[EventType "team-tourn"]
[TimeControl "600+5"]

1.d4 Nf6 2.Bf4 {This is a modern way of playing the London System. The subtlety of moving the bishop on move 2 is that against 2...g6 White can try 3.Nc3, as Erigaisi has played sometimes.} 2...b6 ( 2...g6 3.Nc3 $5 d5 4.e3 Bg7 5.h4 {Erigaisi-Giri, Meltwater Tour (rapid) 2022.} ) 3.e3 Bb7 4.Nd2 d6 5.h3 Nbd7 6.Ngf3 {Erigaisi develops the pieces in the London System's typical way, but in his games, there's no place for boredom. We know that sooner or later, we will have confusion on the board.} 6...g6 7.Be2 Bg7 8.O-O O-O 9.a4 a6 {A typical move to reduce the feat of the a4-a5 advance, which can now be answered with b6-b5.} ( 9...a5 {to stop the white pawn's advance is also possible and has been played a good number of times.} ) 10.c3 ( 10.a5 b5 $1 ) 10...Re8 11.Bh2 e5 {On the board, we have a typical position of the London System—solid and annoying, but not very dangerous from a theoretical point of view.} 12.Nc4 $5 {[%c_effect c4;square;c4;type;Interesting;persistent;true] White has other options:} ( 12.Qb3 ) ( 12.dxe5 dxe5 13.Nc4 Ne4 $1 {[%c_effect e4;square;e4;type;GreatFind;persistent;true] Black is fine here.} ) ( 12.b4 $5 {[%c_effect b4;square;b4;type;Interesting;persistent;true] This might be the best chance of fighting for an advantage, advancing the queenside.} 12...Ne4 13.Nxe4 Bxe4 14.Qb3 Qe7 15.Rfd1 Bb7 16.Rac1 {Kamsky-Demchenko, Moscow 2016.} ) 12...exd4 {This move appears to be a slight positional concession, as it opens up the bishop's diagonal and also the c-file for the white rook.} ( 12...e4 13.Nfd2 d5 $5 14.Ne5 c5 {With equal play.} ) ( 12...Ne4 {is a typical move and also leads to a balanced position.} ) 13.cxd4 a5 {A new move, fixing the queenside pawns.} ( 13...Nd5 {This is the most natural move and gives Black a fine position.} ) ( 13...Ne4 {is also possible.} ) 14.Rc1 Nd5 15.Bxd6 $1 {[%c_effect d6;square;d6;type;GreatFind;persistent;true] As we all knew it would happen, Erigaisi decides to change the character of the position and complicate the game.} 15...cxd6 16.Nxd6 Qb8 ( 16...Re7 {This is a critical move, as the knight has no way back from b7.} 17.Nxb7 Qb8 18.Bb5 $1 Nb4 19.d5 $1 Nf6 ( 19...Qxb7 $2 20.d6 Ree8 21.Rc7 ) 20.d6 $1 ( 20.Bc6 Rxb7 21.Bxb7 Qxb7 {This is good for Black.} ) 20...Rxb7 21.e4 $1 {[%c_effect e4;square;e4;type;GreatFind;persistent;true] with a strong initiative for the piece, as the pawns are very dangerous, for instance:} 21...Nxe4 22.d7 Qf8 23.Re1 Nf6 24.Ne5 ) 17.Nxe8 Qxe8 18.Bb5 {White has a rook and two pawns against a bishop and knight. Positions with material imbalances are difficult to assess. The computer believes the position is equal, but in practice, it's easier to play White.} 18...Rd8 ( 18...Qd8 {is more accurate, leaving the pin straight away.} ) 19.Qb3 ( 19.Re1 $1 {[%c_effect e1;square;e1;type;GreatFind;persistent;true] Preparing e4 right away looks better.} ) 19...h6 $2 {[%c_effect h6;square;h6;type;Mistake;persistent;true] This is too slow, and now White gets the initiative.} ( 19...Qe7 20.Rfe1 N7f6 {with chances for both sides.} ) 20.Rfe1 $1 Rc8 $2 ( 20...Qe4 {is better, although the position is very shaky after} 21.Nd2 ) 21.e4 $6 ( 21.Rxc8 $1 Qxc8 22.Bc4 $1 N7f6 23.Ne5 {This wins immediately since Black cannot defend the f7-pawn after the move e3-e4.} ) 21...Nf4 22.Qe3 $6 ( 22.Rxc8 $1 {[%c_effect c8;square;c8;type;GreatFind;persistent;true] Again, this move is better.} 22...Qxc8 23.Bc4 ) 22...g5 {This sharpens the game even more. Firouzja is a very active player, and he is seeking attacking chances. A more solid option is to withdraw the knight to e6, either now or after exchanging rooks.} ( 22...Ne6 ) ( 22...Rxc1 23.Qxc1 Ne6 ) 23.h4 $1 {[%c_effect h4;square;h4;type;GreatFind;persistent;true] Now the tension builds, and we see the best of both these excellent tactical players.} 23...Rxc1 24.Qxc1 Qe6 $1 {[%c_effect e6;square;e6;type;GreatFind;persistent;true] Heading to g4.} 25.hxg5 Qg4 ( 25...Nxg2 $5 {[%c_effect g2;square;g2;type;Interesting;persistent;true] is a good chance, although White is better after some very precise moves.} 26.Kxg2 Qg4+ 27.Kf1 Qxf3 28.Qe3 $1 ( 28.Bxd7 $2 Bxd4 ) 28...Qh1+ 29.Ke2 Qh5+ 30.Kd3 {The white king is surprisingly safe now.} ) 26.g3 Nh3+ 27.Kg2 hxg5 28.Nh2 $1 Bxe4+ 29.Rxe4 $6 ( 29.f3 $1 {[%c_effect f3;square;f3;type;GreatFind;persistent;true] is the best move, but it's not easy to evaluate its consequences in a rapid game.} 29...Bxf3+ 30.Nxf3 Nf4+ 31.Kf2 Nh3+ 32.Ke2 Qxg3 33.Qe3 $1 Nf4+ 34.Kd2 {The computer claims a good advantage for White here, but I must admit I'd be scared to play this position with either color.} ) 29...Qxe4+ 30.Kxh3 Qxd4 31.Qxg5 {After all the fireworks, White ends up in an endgame with an extra pawn, but the position is close to equality because it's not easy to defend the b2-pawn.} 31...Nc5 32.Ng4 Ne6 ( 32...Qxb2 $2 33.Nh6+ Kf8 $2 34.Qd8# ) 33.Qf5 Qd1 $2 {[%c_effect d1;square;d1;type;Mistake;persistent;true] Now White manages to stabilize the queenside.} ( 33...Qc5 $1 {[%c_effect c5;square;c5;type;GreatFind;persistent;true] is the righ way to reach a draw.} 34.Qxc5 Nxc5 {The b2-pawn cannot be defended.} ) 34.Bc4 Qh1+ 35.Nh2 Qc6 36.b3 {White has a winning advantage now.} 36...Nd8 37.Bd5 Qd6 38.Ng4 Kf8 39.Kg2 Bd4 40.Qe4 Qc5 41.Qf3 Ke7 42.Bc4 Qc6 43.Bd5 ( 43.Qxc6 {is the simplest way to win.} 43...Nxc6 44.Nh6 f6 45.Nf5+ Kd7 46.Nxd4 Nxd4 47.g4 {Followed by the advance of the kingside pawns.} ) 43...Qc5 44.Nh6 Bxf2 $1 {[%c_effect f2;square;f2;type;GreatFind;persistent;true] A good chance.} 45.Nxf7 Bd4 ( 45...Nxf7 46.Qxf7+ Kd6 {White is winning in this endgame with accurate play, but there's always some hope when there's little time left on the clock.} ) 46.Qe4+ Kd7 47.Qf5+ ( 47.Ne5+ $1 Kc7 48.Nd3 Qc2+ 49.Kh3 {with a winning position.} ) 47...Ke7 ( 47...Kc7 $1 ) 48.Qe4+ Kd7 49.Qg4+ Ke7 $2 ( 49...Kc7 $1 {[%c_effect c7;square;c7;type;GreatFind;persistent;true] The king should go to the queenside.} ) 50.Qh4+ Bf6 51.Qe4+ Kd7 ( 51...Kf8 52.Nxd8 Bxd8 53.Qf5+ Kg7 54.Qf7+ Kh6 55.Be4 {Mate is unavoidable.} ) 52.Qf5+ Ke7 $2 ( 52...Kc7 53.Qf4+ Kd7 54.Ne5+ Ke7 55.Qe4 {White sholdn't have problems converting the advantage.} ) 53.Nxd8 1-0

[Event "Champions Chess Tour Airthings Masters 2023"]
[Site "Chess.com"]
[Date "2023.02.07"]
[Round "2"]
[White "Carlsen, Magnus"]
[Black "Erigaisi, Arjun"]
[Result "1-0"]
[WhiteElo "2852"]
[BlackElo "2701"]
[ECO "A30"]
[EventDate "2023.??.??"]
[Annotator "rafael"]
[PlyCount "99"]
[Beauty "7009655064073"]
[EventType "team-tourn"]
[TimeControl "600+5"]

1.Nf3 Nf6 2.c4 c5 3.b3 {Carlsen is a player who can literally choose any opening variation. I believe it's the first time he plays this line. It takes great confidence and exceptional memory to do this, qualities he doesn’t lack. Among world champions, none can be compared to him in this versatility. Of elite players, only Ivanchuk manages a similar feat.} 3...Nc6 4.Bb2 d5 5.cxd5 Nxd5 6.Nc3 e5 7.Qb1 $5 {[%c_effect b1;square;b1;type;Interesting;persistent;true] A theoretical novelty already. This is a thematic move in positions with this pawn structure, and it's curious that it has never been played. This probably happened because nobody saw the need to look for such a move.} ( 7.e3 Nxc3 8.Bxc3 Bd6 9.Qc2 Qe7 10.Bd3 h6 {with an equal position in Artemiev-Vidit, Aimchess Rapid 2021.} ) ( 7.Nxd5 Qxd5 8.e3 Be7 9.Bc4 Qd6 {So-Dominguez Perez, Zabreb (blitz) 2022.} ) 7...Be7 ( 7...Nxc3 $5 8.Bxc3 ( 8.dxc3 {Perhaps one of White's ideas with the queen move to b1 is to be able to capture with the pawn without exchanging queens, but honestly I don't see much here.} ) 8...Bd6 {Black is fine.} ) 8.e3 Be6 9.Bb5 f6 10.O-O Nxc3 ( 10...O-O {is also possible.} 11.Nxd5 ( 11.Bd3 g6 {and it's not clear that White has more than perpetual check after 12.Bxg6. This is a theme that we will see again and again.} ) 11...Bxd5 12.e4 $5 ( 12.Bd3 g6 ) 12...Be6 13.Bxc6 bxc6 {I understand that this is not the best position to play against Carlsen, although the computer is not that bothered by the doubled pawns.} ) 11.dxc3 {White decides to change the pawn structure.} 11...Qc7 12.Rd1 O-O 13.Bd3 f5 {An ambitious move, in the style of Erigaisi. Against 13...g6 White has perpetual check. I doubt this would be his choice, but there's no advantage anyway.} ( 13...g6 14.Bxg6 hxg6 15.Qxg6+ Kh8 16.Qh6+ ) 14.e4 f4 15.Bb5 $1 {[%c_effect b5;square;b5;type;GreatFind;persistent;true] The bishop has done its job and now returns to capture the knight.} 15...Bf6 ( 15...c4 $1 {[%c_effect c4;square;c4;type;GreatFind;persistent;true] This is an interesting move to avoid c3-c4, which will open the game for the b2-bishop. A possible continuation is:} 16.Bxc4 Bxc4 17.bxc4 Na5 {with good play for Black.} ) 16.Bxc6 Qxc6 17.c4 {White can fight for a small advantage here, as Black's bishops aren't as dangerous with the center closed. Also, the pawn on e5 is a headache. I must admit that during the game I thought the only way to break Black's position would be an exchange sacrifice by putting the rook on d5 at some point. But let's see what happened.} 17...Qc7 18.Bc3 Rae8 19.Qb2 Bf7 {This is probably not the best square for the bishop.} ( 19...Bd7 $5 {[%c_effect d7;square;d7;type;Interesting;persistent;true] with the idea of taking the bishop to c6.} 20.Nxe5 {If White tries to win a pawn with this tactical move, Black gets counterplay after} ( 20.Rd5 $6 Bc6 $1 21.Rxc5 b6 {White loses quality and the compensation is not clear.} ) 20...Rxe5 $1 21.Rxd7 Qxd7 22.Bxe5 f3 $1 23.gxf3 Qd3 ) 20.Rd3 Re7 21.Rad1 {White has a small advantage and, even better, it's exactly in Carlsen's style.} 21...Bg6 ( 21...b6 {Black's next moves don't help the position much; maybe it would be better to wait with a move like this. Either way, White will continue his plan with Qe2, h3 and Nh2, trying to get the knight to g4.} ) 22.Qe2 Qc6 23.Rd5 Rfe8 24.h3 $1 a6 25.Nh2 $1 {[%c_effect h2;square;h2;type;GreatFind;persistent;true] The knight prepares to go to g4.} 25...h5 {Erigaisi avoids this, but weaknesses are created and will be masterfully exploited.} 26.Nf3 Re6 27.h4 $1 {[%c_effect h4;square;h4;type;GreatFind;persistent;true] Fixing the structure on the kingside and securing the g5-square for the knight.} 27...b5 {Black is looking for some activity, although this move creates yet another weakness, the pawn on c5.} 28.Ng5 Bxg5 {After this exchange we arrive at an opposite-colored bishop position that is very dangerous for Black, as he can potentially lose three pawns quickly, those on c5, e5, and f4, fixed on dark squares.} ( 28...R6e7 {This is not a good option as Black is paralyzed after} 29.Rd6 Qb7 30.Ba5 $1 {[%c_effect a5;square;a5;type;GreatFind;persistent;true] Nobody can live a calm life with such a knight on g5.} ) 29.hxg5 Bf7 30.Qf3 $6 {[%c_effect f3;square;f3;type;Inaccuracy;persistent;true] This is White's only clear inaccuracy in this game. It allows some counterplay.} ( 30.f3 ) ( 30.Qd3 ) 30...bxc4 31.bxc4 g6 $6 {[%c_effect g6;square;g6;type;Inaccuracy;persistent;true] Erigaisi misses his chance.} ( 31...Rg6 $1 {[%c_effect g6;square;g6;type;GreatFind;persistent;true] This move changes the character of the game, something you should seek when defending.} 32.Rxe5 ( 32.Qxh5 {Here Black must not accept the rook's offer.} 32...Qa4 $1 ( 32...Bxd5 $2 33.cxd5 Qd6 34.Rb1 {With massive compensation for the exchange.} ) ) 32...Rxe5 33.Bxe5 Rxg5 34.Bxf4 Rg4 {Black has managed to activate and has chances of a draw.} ) 32.Ba1 {A useful move, preparing to pass the queen through the third file.} ( 32.Rd7 {It's interesting to mention that the computer considers the endgame winning for White after} 32...R6e7 33.Rxe7 Rxe7 34.Rd8+ Re8 35.Qd3 Qe6 36.Rxe8+ Bxe8 37.f3 {This might sound confusing; after all, isn't it a rule that opposite-colored bishops offer drawing chances even in positions with a pawn down $2 What about this one, where the material is still equal $2 The problem is that Black's pawns on e5 and f4 are not going to survive very long. For instance:} 37...Kf7 38.Qd8 Qxc4 39.Qf6+ Kg8 40.Bxe5 {with a decisive attack.} ) 32...R6e7 33.Rd6 Qa4 ( 33...Qc8 {is more stubborn.} ) 34.Qb3 $1 {[%c_effect b3;square;b3;type;GreatFind;persistent;true] A nice move. White's pawn structure is improved after the exchange.} 34...Qxb3 35.axb3 Re6 {The pawns will fall sooner or later.} ( 35...a5 36.Ra6 Rb7 37.Rd3 ) ( 35...Rb7 36.R1d3 ) 36.Rxe6 Bxe6 ( 36...Rxe6 37.Rd5 ) 37.Rd6 Kf7 38.Bxe5 ( 38.Rxa6 {is also winning.} ) 38...Bg4 39.Rf6+ Kg7 40.Bc3 {The rest is trivial. Erigaisi graciously plays a few more moves and allows a nice finish.} 40...Kh7 41.Rf7+ Kg8 42.Rg7+ Kf8 43.f3 Rb8 44.fxg4 Rxb3 45.gxh5 Rxc3 46.h6 Rg3 47.Rxg6 f3 48.h7 Rxg2+ 49.Kf1 Rh2 50.Rh6 $1 1-0